[ AOE2 MATCH · #505519653 ]
UnrankedCelts vs Aztecs
Player's team · LOSS
Rival team · WIN
[ REPLAY ANALYSIS · EXTRACTED FROM THE RECORDED GAME ]
Feudal
13:51
Castle
24:26
Imperial
35:31
| APM avg | 61.8 |
| APM peak | 122 |
| eAPM avg | 31.7 |
| Villagers / military | 109 / 100 |
Focus
⚔️ 40.4% · 🌾 59.6%
Woad Raider ×38 · Skirmisher ×19 · Militia ×18 · Archer ×14 · Monk ×5 · Knight ×3
Feudal
12:30
Castle
22:08
Imperial
35:53
| APM avg | 65.1 |
| APM peak | 96 |
| eAPM avg | 28.5 |
| Villagers / military | 133 / 111 |
Focus
⚔️ 38.8% · 🌾 61.2%
Militia ×56 · Jaguar Warrior ×20 · Skirmisher ×11 · Archer ×10 · Trebuchet (Packed) ×6 · Monk ×5
Match map
Initial resources + every placement click. Lines = walls · curves = elevation contours. ◆ gold · ⬟ stone · ● berries · ✦ relic · ◌ wall gap
Your base· Open — opponent sealed themselves in
KASVA's base· ✓ Closed at 22:08 · 73t walls · 1 gate(s)
Smoothed initial terrain · ◌ = detected wall gap · hover for details
Inputs per minute
— TAG_MbL_ - - KASVA
Build order — TAG_MbL_
First 150 of 361 actions detected
| 0:00 | Create | Villager (Male) ×4 |
| 0:01 | Build | House |
| 0:02 | Build | House |
| 1:01 | Build | Lumber Camp |
| 1:09 | Create | Villager (Male) |
| 1:59 | Create | Villager (Male) |
| 2:23 | Create | Villager (Male) |
| 2:47 | Create | Villager (Male) |
| 3:17 | Create | Villager (Male) |
| 3:32 | Build | House |
| 3:36 | Create | Villager (Male) |
| 3:53 | Create | Villager (Male) |
| 4:11 | Create | Villager (Male) |
| 4:28 | Build | Barracks |
| 4:30 | Create | Villager (Male) |
| 4:46 | Build | Palisade Wall |
| 4:47 | Build | Palisade Wall |
| 4:48 | Build | Palisade Wall |
| 5:04 | Build | House |
| 5:18 | Build | Palisade Wall |
| 5:23 | Create | Villager (Male) |
| 5:25 | Create | Villager (Male) |
| 5:39 | Build | Palisade Wall |
| 5:45 | Create | Militia |
| 5:45 | Create | Militia |
| 5:45 | Create | Militia |
| 5:48 | Create | Villager (Male) |
| 6:05 | Create | Militia |
| 6:16 | Build | Mill |
| 6:36 | Build | House |
| 6:38 | Create | Villager (Male) |
| 6:43 | Create | Militia |
| 6:57 | Create | Villager (Male) |
| 7:20 | Create | Militia |
| 7:27 | Create | Villager (Male) |
| 7:32 | Build | House |
| 7:43 | Create | Villager (Male) |
| 7:48 | Build | Mill |
| 8:03 | Create | Militia |
| 8:17 | Create | Villager (Male) |
| 8:23 | Create | Villager (Male) |
| 9:04 | Create | Villager (Male) |
| 9:05 | Create | Militia |
| 9:05 | Create | Militia |
| 9:13 | Build | Farm |
| 9:13 | Build | Farm |
| 9:14 | Build | Farm |
| 9:25 | Create | Villager (Male) |
| 9:39 | Create | Villager (Male) |
| 9:51 | Create | Militia |
| 9:56 | Create | Villager (Male) |
| 9:59 | Build | House |
| 10:01 | Build | Mining Camp |
| 10:23 | Build | Farm |
| 10:35 | Create | Villager (Male) |
| 10:41 | Build | Farm |
| 10:50 | Build | Palisade Gate |
| 11:04 | Research | Loom |
| 11:08 | Build | Farm |
| 11:28 | Research | Feudal Age |
| 11:29 | Research | Feudal Age |
| 11:42 | Build | Lumber Camp |
| 11:44 | Create | Militia |
| 11:52 | Build | House |
| 11:53 | Build | House |
| 11:58 | Create | Villager (Male) |
| 12:16 | Create | Militia |
| 12:22 | Create | Militia |
| 12:28 | Build | Farm |
| 12:29 | Create | Militia |
| 12:32 | Create | Militia |
| 12:55 | Build | House |
| 12:56 | Build | Palisade Wall |
| 13:10 | Build | Palisade Wall |
| 13:11 | Build | Palisade Wall |
| 13:20 | Create | Militia |
| 13:20 | Create | Militia |
| 13:26 | Build | House |
| 13:31 | Create | Militia |
| 13:35 | Create | Villager (Male) |
| 13:37 | Build | House |
| 13:39 | Build | House |
| 13:40 | Build | House |
| 13:44 | Create | Villager (Male) |
| 13:45 | Build | House |
| 13:48 | Build | Palisade Wall |
| 13:49 | Build | Palisade Wall |
| 13:51 | Age | Feudal Age |
| 13:59 | Research | Man-at-Arms (upgrade) |
| 14:09 | Build | Palisade Wall |
| 14:11 | Build | Palisade Wall |
| 14:31 | Build | Archery Range |
| 14:32 | Create | Villager (Male) |
| 14:35 | Build | Palisade Gate |
| 14:39 | Build | Farm |
| 14:41 | Build | Farm |
| 14:42 | Research | Double-Bit Axe |
| 14:57 | Research | Arson |
| 15:05 | Create | Villager (Male) |
| 15:06 | Build | Farm |
| 15:08 | Build | Farm |
| 15:10 | Build | Farm |
| 15:15 | Create | Archer |
| 15:15 | Create | Archer |
| 15:18 | Create | Villager (Male) |
| 15:23 | Build | Farm |
| 15:38 | Create | Archer |
| 15:40 | Build | House |
| 15:52 | Create | Villager (Male) |
| 15:54 | Create | Archer |
| 15:55 | Create | Villager (Male) |
| 16:06 | Build | Blacksmith |
| 16:11 | Create | Villager (Male) |
| 16:17 | Research | Horse Collar |
| 16:22 | Build | House |
| 16:34 | Create | Villager (Male) |
| 16:37 | Build | Palisade Wall |
| 16:50 | Create | Villager (Male) |
| 16:53 | Build | Palisade Gate |
| 16:55 | Research | Fletching |
| 16:58 | Create | Archer |
| 17:01 | Build | Archery Range |
| 17:06 | Create | Archer |
| 17:07 | Create | Villager (Male) |
| 17:11 | Create | Villager (Male) |
| 17:13 | Build | House |
| 17:14 | Build | House |
| 17:16 | Build | Palisade Wall |
| 17:17 | Build | Palisade Wall |
| 17:20 | Build | Palisade Wall |
| 17:24 | Create | Archer |
| 17:30 | Create | Villager (Male) |
| 17:34 | Build | House |
| 17:35 | Build | House |
| 17:40 | Build | House |
| 17:43 | Create | Archer |
| 17:47 | Create | Villager (Male) |
| 18:12 | Build | Farm |
| 18:13 | Build | Farm |
| 18:27 | Create | Villager (Male) |
| 18:37 | Create | Archer |
| 19:00 | Build | Lumber Camp |
| 19:07 | Create | Villager (Male) |
| 19:12 | Create | Archer |
| 19:12 | Create | Archer |
| 19:12 | Create | Archer |
| 19:15 | Create | Villager (Male) |
| 19:53 | Build | Market |
| 19:54 | Create | Archer |
| 19:54 | Create | Archer |
Build order — KASVA
First 150 of 437 actions detected
| 0:00 | Create | Villager (Male) |
| 0:00 | Create | Villager (Male) |
| 0:01 | Create | Villager (Male) |
| 0:01 | Create | Villager (Male) |
| 0:02 | Build | House |
| 0:03 | Build | House |
| 1:19 | Create | Villager (Male) |
| 1:48 | Build | Lumber Camp |
| 1:55 | Create | Villager (Male) |
| 2:16 | Create | Villager (Male) |
| 2:17 | Create | Villager (Male) |
| 2:47 | Create | Villager (Male) |
| 3:02 | Create | Villager (Male) |
| 3:44 | Create | Villager (Male) |
| 3:56 | Build | House |
| 4:01 | Create | Villager (Male) |
| 4:34 | Build | Barracks |
| 4:37 | Create | Villager (Male) |
| 4:52 | Create | Villager (Male) |
| 5:08 | Build | Palisade Wall |
| 5:09 | Build | Palisade Wall |
| 5:11 | Build | Palisade Wall |
| 5:21 | Create | Villager (Male) |
| 5:26 | Create | Villager (Male) |
| 5:29 | Create | Villager (Male) |
| 5:47 | Build | House |
| 5:50 | Create | Militia |
| 6:02 | Build | House |
| 6:04 | Create | Militia |
| 6:12 | Create | Villager (Male) |
| 6:31 | Create | Militia |
| 6:44 | Research | Loom |
| 7:07 | Build | House |
| 7:11 | Build | Mill |
| 7:18 | Create | Militia |
| 7:33 | Create | Villager (Male) |
| 7:59 | Create | Villager (Male) |
| 8:06 | Create | Militia |
| 8:19 | Create | Villager (Male) |
| 8:47 | Create | Villager (Male) |
| 8:52 | Build | Farm |
| 8:52 | Build | Farm |
| 9:05 | Build | Farm |
| 9:08 | Build | Mining Camp |
| 9:13 | Create | Villager (Male) |
| 9:27 | Build | Palisade Wall |
| 9:35 | Build | Palisade Wall |
| 9:47 | Create | Villager (Male) |
| 9:58 | Build | Palisade Wall |
| 9:59 | Build | Palisade Wall |
| 10:07 | Build | Mill |
| 10:20 | Research | Feudal Age |
| 10:30 | Build | Farm |
| 10:47 | Build | Palisade Wall |
| 10:51 | Build | Palisade Wall |
| 10:57 | Create | Militia |
| 11:03 | Build | Palisade Gate |
| 11:23 | Create | Militia |
| 11:30 | Build | House |
| 11:44 | Build | Palisade Wall |
| 12:03 | Build | Farm |
| 12:24 | Build | Palisade Wall |
| 12:25 | Build | Palisade Wall |
| 12:27 | Create | Villager (Male) |
| 12:30 | Age | Feudal Age |
| 12:33 | Research | Man-at-Arms (upgrade) |
| 12:37 | Build | Archery Range |
| 12:40 | Research | Arson |
| 12:53 | Create | Villager (Male) |
| 13:19 | Create | Villager (Male) |
| 13:19 | Create | Archer |
| 13:22 | Create | Villager (Male) |
| 13:23 | Build | Blacksmith |
| 13:34 | Research | Double-Bit Axe |
| 13:34 | Research | Double-Bit Axe |
| 13:38 | Create | Villager (Male) |
| 13:44 | Create | Archer |
| 13:47 | Create | Villager (Male) |
| 13:58 | Create | Archer |
| 14:15 | Create | Villager (Male) |
| 14:20 | Create | Archer |
| 14:23 | Build | House |
| 14:28 | Research | Fletching |
| 14:43 | Build | House |
| 14:44 | Build | House |
| 14:45 | Create | Archer |
| 15:05 | Build | Farm |
| 15:06 | Build | Farm |
| 15:10 | Build | Farm |
| 15:11 | Build | Farm |
| 15:12 | Build | Farm |
| 15:16 | Research | Horse Collar |
| 15:18 | Create | Archer |
| 15:27 | Create | Villager (Male) |
| 15:33 | Build | Farm |
| 15:50 | Create | Villager (Male) |
| 15:53 | Build | House |
| 15:56 | Create | Archer |
| 15:59 | Build | Palisade Wall |
| 16:05 | Create | Villager (Male) |
| 16:06 | Create | Archer |
| 16:10 | Build | House |
| 16:20 | Create | Villager (Male) |
| 16:26 | Create | Villager (Male) |
| 16:32 | Build | House |
| 16:42 | Build | Farm |
| 16:45 | Build | House |
| 16:56 | Build | Market |
| 17:08 | Create | Villager (Male) |
| 17:15 | Build | Farm |
| 17:16 | Create | Villager (Male) |
| 17:33 | Create | Villager (Male) |
| 17:35 | Build | Farm |
| 17:36 | Create | Villager (Male) |
| 17:37 | Create | Archer |
| 18:00 | Create | Villager (Male) |
| 18:07 | Build | Farm |
| 18:09 | Build | Farm |
| 18:14 | Create | Archer |
| 18:21 | Build | Farm |
| 18:30 | Build | House |
| 18:31 | Build | Palisade Wall |
| 18:52 | Create | Skirmisher |
| 19:00 | Build | Lumber Camp |
| 19:12 | Build | Mining Camp |
| 19:28 | Research | Castle Age |
| 19:44 | Build | Palisade Wall |
| 19:48 | Build | Palisade Wall |
| 19:50 | Build | Palisade Wall |
| 19:53 | Create | Skirmisher |
| 19:57 | Research | Padded Archer Armor |
| 20:05 | Create | Skirmisher |
| 20:19 | Create | Skirmisher |
| 20:35 | Build | Palisade Wall |
| 20:37 | Build | Palisade Wall |
| 20:45 | Create | Skirmisher |
| 20:53 | Research | Gold Mining |
| 20:55 | Research | Scale Mail Armor |
| 21:33 | Create | Skirmisher |
| 21:58 | Create | Villager (Male) |
| 22:08 | Age | Castle Age |
| 22:10 | Create | Villager (Male) |
| 22:12 | Research | Bodkin Arrow |
| 22:23 | Build | Town Center |
| 22:27 | Research | Elite Skirmisher (upgrade) |
| 22:31 | Create | Villager (Male) |
| 22:36 | Create | Villager (Male) |
| 22:40 | Create | Villager (Male) |
| 22:46 | Build | Town Center |
| 22:53 | Build | Town Center |
Match timeline
| 4:28 | TAG_MbL_ · first_building Barracks |
| 4:34 | KASVA · first_building Barracks |
| 4:46 | TAG_MbL_ · wall_segment Palisade Wall x1 |
| 4:47 | TAG_MbL_ · wall_segment Palisade Wall x1 |
| 4:48 | TAG_MbL_ · wall_segment Palisade Wall x1 |
| 5:08 | KASVA · wall_segment Palisade Wall x1 |
| 5:09 | KASVA · wall_segment Palisade Wall x1 |
| 5:11 | KASVA · wall_segment Palisade Wall x1 |
| 5:18 | TAG_MbL_ · wall_segment Palisade Wall x1 |
| 5:39 | TAG_MbL_ · wall_segment Palisade Wall x1 |
| 9:27 | KASVA · wall_segment Palisade Wall x5 |
| 9:35 | KASVA · wall_segment Palisade Wall x16 |
| 9:58 | KASVA · wall_segment Palisade Wall x5 |
| 9:59 | KASVA · wall_segment Palisade Wall x10 |
| 10:47 | KASVA · wall_segment Palisade Wall x2 |
| 10:51 | KASVA · wall_segment Palisade Wall x8 |
| 11:44 | KASVA · wall_segment Palisade Wall x4 |
| 12:24 | KASVA · wall_segment Palisade Wall x1 |
| 12:25 | KASVA · wall_segment Palisade Wall x1 |
| 12:30 | KASVA · age_up feudal |
| 12:37 | KASVA · first_building Archery Range |
| 12:56 | TAG_MbL_ · wall_segment Palisade Wall x1 |
| 13:10 | TAG_MbL_ · wall_segment Palisade Wall x5 |
| 13:11 | TAG_MbL_ · wall_segment Palisade Wall x1 |
| 13:48 | TAG_MbL_ · wall_segment Palisade Wall x8 |
| 13:49 | TAG_MbL_ · wall_segment Palisade Wall x1 |
| 13:51 | TAG_MbL_ · age_up feudal |
| 14:09 | TAG_MbL_ · wall_segment Palisade Wall x1 |
| 14:11 | TAG_MbL_ · wall_segment Palisade Wall x1 |
| 14:31 | TAG_MbL_ · first_building Archery Range |
| 15:59 | KASVA · wall_segment Palisade Wall x1 |
| 16:37 | TAG_MbL_ · wall_segment Palisade Wall x7 |
| 17:16 | TAG_MbL_ · wall_segment Palisade Wall x1 |
| 17:17 | TAG_MbL_ · wall_segment Palisade Wall x1 |
| 17:20 | TAG_MbL_ · wall_segment Palisade Wall x1 |
| 18:11 | KASVA · first_market_sell 500 stone |
| 18:11 | KASVA · first_market_buy 100 food |
| 18:31 | KASVA · wall_segment Palisade Wall x1 |
| 19:44 | KASVA · wall_segment Palisade Wall x4 |
| 19:48 | KASVA · wall_segment Palisade Wall x1 |
| 19:50 | KASVA · wall_segment Palisade Wall x1 |
| 20:35 | KASVA · wall_segment Palisade Wall x3 |
| 20:37 | KASVA · wall_segment Palisade Wall x10 |
| 20:54 | TAG_MbL_ · first_market_buy 500 food |
| 20:55 | TAG_MbL_ · first_market_sell 500 stone |
| 22:08 | KASVA · age_up castle |
| 23:41 | TAG_MbL_ · first_building Stable |
| 24:12 | KASVA · first_building Siege Workshop |
| 24:26 | TAG_MbL_ · age_up castle |
| 24:33 | KASVA · first_building Monastery |
| 24:46 | TAG_MbL_ · wall_segment Stone Wall x1 |
| 24:48 | TAG_MbL_ · wall_segment Stone Wall x1 |
| 24:51 | TAG_MbL_ · wall_segment Stone Wall x1 |
| 24:57 | TAG_MbL_ · wall_segment Stone Wall x1 |
| 25:43 | TAG_MbL_ · first_building Castle |
| 27:06 | KASVA · first_building Castle |
| 29:10 | TAG_MbL_ · first_building Monastery |
| 29:26 | KASVA · wall_segment Palisade Wall x7 |
| 33:12 | KASVA · wall_segment Palisade Wall x1 |
| 34:39 | KASVA · wall_segment Palisade Wall x1 |
| 34:40 | KASVA · wall_segment Palisade Wall x1 |
| 35:31 | TAG_MbL_ · age_up imperial |
| 35:53 | KASVA · age_up imperial |
| 38:08 | TAG_MbL_ · wall_segment Stone Wall x5 |
| 38:12 | TAG_MbL_ · wall_segment Stone Wall x3 |
| 38:51 | TAG_MbL_ · resign |
[ AI ANALYSIS · 1 CREDIT ]
What really happened in this match?
Wolo.gg analyzes every decision: build order, eco, micro, common mistakes by bracket. Personalized analysis on WhatsApp or Discord in 30 seconds.
Civ guide
Celts
Perfil
Jugador #251265